 Dungeon Crawl Stone Soup version 0.30.1-4-g462c640d31 (webtiles) character file.

Game seed: 12224848886284964687

102 Janerl the Cutter (level 5, -2/33 HPs)
             Began as a Kobold Berserker on Sept 15, 2023.
             Was a Believer of Trog.
             Slain by a gnoll
             ... wielding a +0 spear
              (4 damage)
             ... on level 2 of the Dungeon.
             The game lasted 00:05:39 (2000 turns).

Janerl the Cutter (Kobold Berserker)                Turns: 2000, Time: 00:05:40

Health: -2/33      AC:  5    Str: 14    XL:     5   Next: 5%
Magic:  5/5        EV: 15    Int:  8    God:    Trog [**....]
Gold:   91         SH:  0    Dex: 17    Spells: 4/4 levels left

rFire   . . .        a - +0 short sword
rCold   . . .        (no shield)
rNeg    . . .        k - +1 leather armour {Will+}
rPois   .            (no helmet)
rElec   .            (no cloak)
rCorr   .            (no gloves)
SInv    .            e - +0 pair of boots
Will    +....        (no amulet)
Stlth   +++          (no ring)
HPRegen 0.25/turn    (no ring)
MPRegen 0.09/turn

%: no passive effects
@: on berserk cooldown, hasted and slowed
A: small, no large weapons, nightstalker 3
a: Renounce Religion, Berserk, Trog's Hand


You were on level 2 of the Dungeon.
You worshipped Trog.
Trog was pleased with you.
You visited 1 branch of the dungeon, and saw 2 of its levels.

You collected 91 gold pieces.

Inventory:

Hand Weapons
 a - a +0 short sword (weapon)
Missiles
 j - 3 curare-tipped darts (quivered)
Armour
 b - a +0 animal skin
 e - a +0 pair of boots (worn)
 k - a +1 leather armour of willpower (worn)
Scrolls
 c - a scroll of teleportation {unknown}
 f - 2 scrolls of identify {unknown}
 g - a scroll of fog {unknown}
 i - a scroll of blinking {unknown}
 l - a scroll of immolation {unknown}
Potions
 h - a potion of heal wounds {unknown}


   Skills:
 + Level 4.0 Fighting
 + Level 5.0 Short Blades
 + Level 2.0 Armour
 + Level 2.8 Dodging
 + Level 3.2 Stealth


You had 4 spell levels left.
You didn't know any spells.
Your spell library was empty.

Dungeon Overview and Level Annotations

Branches:
Dungeon (2/15)

Altars:


Innate Abilities, Weirdness & Mutations

You are small and have problems with some larger weapons.
You are completely attuned to the shadows.


Message History

The frilled lizard barely misses you.
You closely miss the frilled lizard. The frilled lizard misses you.
You hit the frilled lizard.
You kill the frilled lizard!
Trog accepts your kill. The goblin barely misses you.
The gnoll closely misses you.
You hit the goblin but do no damage. The goblin completely misses you.
The gnoll hits you but does no damage.
You hit the goblin.
You kill the goblin!
Trog accepts your kill.
The gnoll hits you from afar with a +0 spear.
You hit the gnoll.
The gnoll is moderately wounded.
The gnoll hits you but does no damage. The gnoll barely misses you.
You hit the gnoll but do no damage.
The gnoll is moderately wounded.
The gnoll barely misses you. x2
You hit the gnoll but do no damage.
The gnoll is moderately wounded.
The gnoll hits you with a +0 whip! The gnoll closely misses you.
You hit the gnoll.
The gnoll is moderately wounded.
The gnoll hits you with a +0 whip! The gnoll barely misses you.
You hit the gnoll but do no damage.
The gnoll is moderately wounded.
The gnoll misses you. x2
You hit the gnoll.
The gnoll is heavily wounded.
The gnoll hits you with a +0 whip. The gnoll closely misses you.
You hit the gnoll but do no damage.
The gnoll is moderately wounded.
The gnoll hits you with a +0 whip.
* * * LOW HITPOINT WARNING * * *
The gnoll barely misses you. The gnoll misses you.
The gnoll hits you from afar with a +0 spear.
* * * LOW HITPOINT WARNING * * *
It was a potion of haste.
You feel yourself speed up. The gnoll misses you.
The gnoll hits you from afar with a +0 spear.
You die...

...# #.# .### #.# #.. .#
#.### ##.... .## #.#.###
##......
..##########.....###........
............<......'.........
..###########....###.........
..# ###.#.# ##.).....# #.#
#.....@# ##.....# #.#
#.####g# ##...#### #.#
.....g)## ##...... #.#
#.##...## #.##### #.#
##.#....# #.# #.# ..#:†##.#
##.## #.# .##.#.#.# ##...## .
†.# ...##g..###.....#.# ###
.##...............#


You could see 2 gnolls.

Vanquished Creatures
  Jessica (D:2)
  An adder (D:2)
  A worm (D:2)
  3 dart slugs (D:1)
  An orc (D:2)
  3 ball pythons
  3 bats (D:1)
  5 endoplasms
  2 giant cockroaches (D:1)
  7 goblins
  7 hobgoblins
  5 jackals (D:1)
  A quokka (D:1)
  5 frilled lizards
  3 kobolds
  5 rats
53 creatures vanquished.

Notes
Turn   | Place    | Note
-------+----------+-------------------------------------------
     0 | D:1      | Janerl the Kobold Berserker began the quest for the Orb.
     0 | D:1      | Reached XP level 1. HP: 14/14 MP: 1/1
   145 | D:1      | Reached XP level 2. HP: 15/19 MP: 2/2
   486 | D:1      | Reached skill level 1 in Stealth
   486 | D:1      | Reached XP level 3. HP: 24/24 MP: 3/3
   649 | D:1      | Reached ** piety under Trog
  1235 | D:2      | Reached XP level 4. HP: 23/29 MP: 4/4
  1673 | D:2      | Found a faded altar of an unknown god.
  1848 | D:2      | Noticed Jessica
  1862 | D:2      | Killed Jessica
  1863 | D:2      | Reached skill level 5 in Short Blades
  1863 | D:2      | Reached XP level 5. HP: 23/33 MP: 5/5
  2000 | D:2      | Slain by a gnoll

Illustrated notes

Levels and vault maps discovered:
D:1:      reono_arrival_forest_river, layout_basic
D:2:      layout_loops_corners, hellmonk_ecumenical_altar_run_dry,
          minmay_tromino_v7, uniq_sigmund, uniq_jessica

Skill      XL: |  1  2  3  4 |
---------------+-------------+-----
Stealth        | 1 3 |  3.2
Fighting       | 4 |  4.0
Short Blades   | 5 |  5.0
Armour         | 2 |  2.0
Dodging        | |  2.8

Action                     |  1- 3 |  4- 6 || total
---------------------------+-------+-------++-------
  Melee: Short sword       |   127 |    97 ||   224
 Invoke: Berserk           |       |     1 ||     1
    Use: Potion            |       |     1 ||     1
   Stab: Sleeping          |    17 |     7 ||    24
 Armour: Animal skin       |    16 |       ||    16
         Leather armour    |       |    18 ||    18
  Dodge: Dodged            |    59 |    60 ||   119
